 Dungeon Sprint DCSS version 0.17-a0-1655-g88a8506 (webtiles) character file.

89 Kidiri the Sneak (level 4, -1/18 HPs)
             Began as a Spriggan Enchanter on Aug 15, 2015.
             Slain by a shadow (11 damage)
             ... in the Dungeon (Sprint III: "The Ten Rune Challenge").
             The game lasted 00:03:26 (953 turns).

Kidiri the Sneak (Spriggan Enchanter)                Turns: 953, Time: 00:03:26

Health: -1/18      AC:  3    Str:  4    XL:     4   Next: 31%
Magic:  2/12       EV: 22    Int: 16    God:
Gold:   32         SH:  0    Dex: 17    Spells: 5 memorised, 2 levels left

rFire  . . .     SeeInvis +     a - +1 dagger
rCold  . . .     Clarity  .     b - +1 robe
rNeg   . . .     SustAt   .     (shield restricted)
rPois  .         Gourm    .     (helmet restricted)
rElec  .         Spirit   .     (no cloak)
rCorr  .         Warding  .     (gloves unavailable)
rMut   .         NoTele   +     (boots unavailable)
MR     .....                    (no amulet)
Stlth  ++++......               (no ring)
                                (no ring)

@: very quick, not resistant to hostile enchantments, stealthy
A: unfitting armour, horns 1, see invisible, herbivore 3, speed 3, frail 1,
sense surroundings 1, slow metabolism 2
a: no special abilities


You were in the Dungeon.
You were not hungry.

You visited 1 branch You collected 32 gold pieces.

Inventory:

Hand weapons
 a - a +1 dagger (weapon)
Armour
 b - a +1 robe (worn)
Scrolls
 j - a scroll of blinking
 l - a scroll of holy word
 n - a scroll of immolation {unknown}
 q - a scroll of torment {unknown}
 r - 2 scrolls of remove curse
Potions
 g - a potion of haste
 h - 2 potions of magic
 p - 2 potions of cure mutation
 s - a potion of flight
Books
 c - a book of Maledictions

   Spells                             Type                      Level
   a - Corona                         Hexes                        1
   b - Ensorcelled Hibernation        Hexes/Ice                    2
   c - Confuse                        Hexes                        3
   d - Tukima's Dance                 Hexes                        3
   e - Dazzling Spray                 Conjuration/Hexes            3
Comestibles
 d - a bread ration
 o - 7 fruits


   Skills:
 + Level 3.2 Short Blades
 * Level 6.3 Dodging
 * Level 7.7 Stealth
 * Level 5.7 Spellcasting
 + Level 0.0 Conjurations
 + Level 4.8 Hexes
 + Level 1.8 Ice Magic


You had 2 spell levels left.
You knew the following spells:

 Your Spells              Type           Power        Failure   Level  Hunger
a - Corona                Hex            ###....      1%          1    None
b - Ensorcelled Hibernat  Hex/Ice        ###...       8%          2    #......
c - Confuse               Hex            ###.....     8%          3    ##.....
d - Tukima's Dance        Hex            ###.....     8%          3    ##.....
e - Dazzling Spray        Conj/Hex       ##......     17%         3    ##.....


Dungeon Overview and Level Annotations

Branches:
Dungeon (1/1)

Altars:


Innate Abilities, Weirdness & Mutations

You are tiny and cannot use many weapons and most armour.
You have supernaturally acute eyesight.
You are a herbivore.
You cover ground extremely quickly.
You need consume almost no food.
You have a pair of small horns on your head.
You are frail (-10% HP).
You passively map a small area around you.


Message History

You hit the shadow but do no damage.
The shadow is severely damaged.
You hit the shadow.
The shadow is almost destroyed.
The shadow slips into darkness.
The shadow flickers and vanishes for a moment.
You hit the shadow but do no damage.
The shadow is almost destroyed.
The shadow hits you.
You hit the shadow but do no damage.
The shadow is almost destroyed.
The shadow misses you.
You hit the shadow but do no damage.
The shadow is almost destroyed.
The shadow stops glowing.
The shadow closely misses you.
You barely miss the shadow.
The shadow is almost destroyed.
The shadow hits you!
Ouch! That really hurt!
You die...

▓▓▓▓▓▓▓▓▓▓▓▓ ▓▓▓
▓<.#..+....♣♣♣ ♣.#*
▓..#..#......♣ ♣♣.#
▓#'####......♣ ♣..# ,,
▓.....#....≈.♣♣♣..###+
▓.....#...≈≈♣..♣..#...
▓....@#..≈≈≈≈.♣♣..'.⌠.
▓####W#..≈≈≈≈≈≈♣..#...
▓(....#.≈≈≈≈≈≈....#.⌠.
▓.....#.≈≈≈≈≈.....#...
▓.....#.≈≈≈.......#+##
▓'#####...........# ,
▓..W..............#_
▓▓▓▓▓▓▓▓▓▓▓▓▓▓▓▓▓▓▓ +
≈


You could see a shadow.

Vanquished Creatures
  A water elemental (D)
  A human (D)
  2 oozes (D)
  A phantom (D)
  2 rats (D)
7 creatures vanquished.

Vanquished Creatures (others)
  2 draconian scorchers (D)
  A yaktaur (D)
  2 plants (D)
5 creatures vanquished.

Grand Total: 12 creatures vanquished

Notes
Turn   | Place    | Note
--------------------------------------------------------------
     0 | D        | Kidiri the Spriggan Enchanter began the quest for the Orb.
     0 | D        | Reached XP level 1. HP: 9/9 MP: 5/5
     4 | D        | Reached skill level 5 in Stealth
    13 | D        | Reached XP level 2. HP: 4/13 MP: 5/7
    17 | D        | Learned a level 2 spell: Ensorcelled Hibernation
   114 | D        | Killed a yaktaur
   209 | D        | Killed a white draconian scorcher
   223 | D        | Killed a white draconian scorcher
   331 | D        | Reached skill level 6 in Stealth
   331 | D        | Reached skill level 1 in Ice Magic
   331 | D        | Reached XP level 3. HP: 9/16 MP: 1/10
   471 | D        | Learned a level 3 spell: Confuse
   475 | D        | Learned a level 3 spell: Tukima's Dance
   488 | D        | Reached skill level 5 in Dodging
   505 | D        | Gained mutation: You are frail (-10% HP). [potion of mutation]
   505 | D        | Gained mutation: You have a pair of small horns on your head. [potion of mutation]
   505 | D        | Gained mutation: You passively map a small area around you. [potion of mutation]
   506 | D        | Gained mutation: You are agile. (Dex +2) [potion of mutation]
   506 | D        | Lost mutation: You are agile. (Dex +2) [potion of mutation]
   537 | D        | Noticed a water elemental
   557 | D        | Killed a water elemental
   557 | D        | Reached skill level 7 in Stealth
   557 | D        | Reached skill level 5 in Spellcasting
   557 | D        | Reached XP level 4. HP: 2/18 MP: 10/12
   565 | D        | Learned a level 3 spell: Dazzling Spray
   883 | D        | Noticed a jelly
   884 | D        | Noticed a shadow
   953 | D        | Slain by a shadow

Vault maps used:
D:        dungeon_sprint_mu

Action                   |  1- 3 |  4- 6 || total
-------------------------+-------+-------++-------
Melee: Dagger            |    22 |    26 ||    48
 Cast: Corona            |     3 |     1 ||     4
       Ensorcelled Hiber |     2 |       ||     2
       Dazzling Spray    |       |     5 ||     5
  Use: Potion            |     3 |     4 ||     7
       Scroll            |     3 |       ||     3
 Stab: Sleeping          |     5 |       ||     5
